 Dungeon Crawl Stone Soup version 0.24.0-13-gcf9b3192b9 (webtiles) character file.

Game seed: 7701041249615023437, levelgen mode: deterministic

1042029 Froggeryz the Conqueror (level 27, -7/185 HPs)
             Began as a Gargoyle Gladiator on Nov 10, 2019.
             Was the Champion of the Shining One.
             Killed by the air
             ... invoked by a blizzard demon
              (23 damage)
             ... on level 7 of Cocytus.
             The game lasted 03:20:41 (70629 turns).

Froggeryz the Conqueror (Gargoyle Gladiator)       Turns: 70629, Time: 03:20:42

Health: -7/185     AC: 58    Str: 19 (24) XL:     27
Magic:  28/28      EV: 17    Int: 20      God:    the Shining One [******]
Gold:   10253      SH: 41    Dex: 23      Spells: 29/42 levels left

rFire    + + .     SeeInvis +   i - +1 eveningstar of Darkness {crush, Int+3 Dex+2 SInv}
rCold    + + +     Gourm    .   Y - +14 large shield of Theory {rC+ Dex+3}
rNeg     + + +     Faith    .   g - +1 gold dragon scales
rPois    ∞         Spirit   .   b - +2 hat {SInv}
rElec    +         Reflect  .   T - scarf {rC+ rF+}
rCorr    .         Harm     .   U - +2 pair of gloves of Ciyll {rC+ Str+3}
MR       +++++     Clarity  +   A - +2 pair of boots {run}
Stlth    ..........             V - amulet of the Four Winds {rN+ MR+++ Clar}
HPRegen  0.00/turn              D - ring of Robustness {AC+8}
MPRegen  0.21/turn              X - ring of Husothoc {Str+3 Int+2 Slay+4}

@: flying, glowing, quick
A: big wings, horns 1, talons 1, repulsion field 1, rugged brown scales 1, agile
2, berserk 1, blurry vision 2, deformed body, deterioration 2, frail 1, low mp
2, negative energy resistance 1, screaming 1, electricity resistance, inhibited
regeneration, weak 2, unbreathing, petrification resistance, no potion heal 2,
rot immunity, subdued magic 2, MP-powered wands, AC +20
}: 10/15 runes: barnacled, silver, bone, abyssal, demonic, glowing, magical,
fiery, dark, gossamer
a: Stop Flying, Divine Shield, Cleansing Flame, Summon Divine Warrior, Brand
Weapon With Holy Wrath, Renounce Religion


You were on level 7 of Cocytus.
You worshipped the Shining One.
The Shining One was exalted by your worship.
You were not hungry.

You visited 12 branches of the dungeon, and saw 61 of its levels.
You visited Pandemonium 1 time, and saw 11 of its levels.
You visited the Abyss 3 times.
You also visited: Bailey, Gauntlet and Volcano.

You collected 11707 gold pieces.
You spent 1454 gold pieces at shops.

Inventory:

Hand Weapons
 i - the +1 eveningstar of Darkness (weapon) {crush, Int+3 Dex+2 SInv}
   (Okawaru gifted it to you on level 5 of the Realm of Zot)

   It inflicts extra damage upon your enemies.
   It affects your intelligence (+3).
   It affects your dexterity (+2).
   It lets you see invisible.
 E - a +2 demon whip of electrocution
 O - the +8 eveningstar "Fuditier" {drain, rN+ Str+2 Dex+4}
   (Okawaru gifted it to you on level 2 of the Spider Nest)

   A truly terrible weapon, it drains the life of those it strikes.
   It affects your strength (+2).
   It affects your dexterity (+4).
   It protects you from negative energy.
   The Shining One disapproves of the use of such an item.
Missiles
 d - 7 throwing nets
 w - 39 silver javelins (quivered)
Armour
 b - a +2 hat of see invisible (worn)
 g - +1 gold dragon scales (worn)
 s - the +4 plate armour "Egru" {+Inv rN+ MR+}
   (Okawaru gifted it to you on level 3 of the Lair of Beasts)

   It protects you from negative energy.
   It affects your resistance to hostile enchantments.
   It lets you turn invisible.
 A - a +2 pair of boots of running (worn)
 H - the +1 pair of boots of Foolhardiness {-Cast rC++ Str+2 Slay+5}
   (Okawaru gifted it to you on level 10 of the Dungeon)

   It affects your strength (+2).
   It affects your accuracy and damage with ranged weapons and melee attacks
   (+5).
   It greatly protects you from cold.
   It prevents spellcasting.
 P - the +7 Kryia's mail coat {PotionHeal*2 rC+}
   (Okawaru gifted it to you on level 1 of the Depths)

   It protects you from cold.
 T - a scarf of resistance (worn)
 U - the +2 pair of gloves of Ciyll (worn) {rC+ Str+3}
   (Okawaru gifted it to you on level 6 of the Lair of Beasts)

   It affects your strength (+3).
   It protects you from cold.
 Y - the +14 large shield of Theory (worn) {rC+ Dex+3}
   (You acquired it on level 3 of the Realm of Zot)

   It affects your dexterity (+3).
   It protects you from cold.
Jewellery
 p - the ring "Jateupeo" {rCorr Str+3 SInv}
   (You found it on level 7 of Tartarus)

   [ring of resist corrosion]

   It affects your strength (+3).
   It lets you see invisible.
   It provides partial protection from all sources of acid and corrosion.
 x - the ring "Nuwkuted" {rF+ Dex+2}
   (You found it in Pandemonium)

   [ring of protection from fire]

   It affects your dexterity (+2).
   It protects you from fire.
 D - the ring of Robustness (left hand) {AC+8}
   (You took it off a minotaur in a Gauntlet)

   [ring of protection]

   It affects your AC (+8).
 F - an uncursed ring of protection from magic
 J - the ring of the Louse {AC+4 Dex+3 Stlth+}
   (You took it off an orc on level 3 of the Depths)

   [ring of protection]

   It affects your AC (+4).
   It affects your dexterity (+3).
   It makes you more stealthy.
 L - an uncursed ring of protection from magic
 Q - the amulet of Qechytef {Regen+ Str+4 Slay+5}
   (You bought it in a shop on level 2 of the Orcish Mines)

   [amulet of regeneration]

   It affects your strength (+4).
   It affects your accuracy and damage with ranged weapons and melee attacks
   (+5).
   It increases your rate of regeneration.
 R - a +4 ring of slaying
 V - the amulet of the Four Winds (around neck) {rN+ MR+++ Clar}
   (You took it off a fire giant on level 4 of the Depths)

   [amulet of nothing]

   It protects you from negative energy.
   It affects your resistance to hostile enchantments.
   It protects you against confusion.
 W - a ring of Imut {rC+ Int+6}
   (You took it off an orc on level 3 of the Depths)

   [ring of protection from cold]

   It affects your intelligence (+6).
   It protects you from cold.
 X - the ring of Husothoc (right hand) {Str+3 Int+2 Slay+4}
   (You found it on level 6 of the Lair of Beasts)

   [ring of intelligence]

   It affects your strength (+3).
   It affects your intelligence (+2).
   It affects your accuracy and damage with ranged weapons and melee attacks
   (+4).
Wands
 z - a wand of acid (35)
 G - a wand of digging (14)
 K - a wand of disintegration (53)
 M - a wand of iceblast (36)
Scrolls
 a - 8 scrolls of fear
 c - 7 scrolls of blinking
 h - 39 scrolls of remove curse
 j - 3 scrolls of enchant armour
 k - 4 scrolls of summoning
 m - 19 scrolls of teleportation
 n - 4 scrolls of magic mapping
 o - 12 scrolls of identify
 t - 10 scrolls of fog
 v - 12 scrolls of enchant weapon
 N - 4 scrolls of brand weapon
Potions
 l - 7 potions of agility
 r - 10 potions of curing
 u - a potion of might
 C - 10 potions of haste
 I - 6 potions of cancellation
 S - 3 potions of resistance
 Z - a potion of berserk rage
Comestibles
 f - 71 rations


   Skills:
 O Level 27 Fighting
 + Level 21.5 Maces & Flails
 * Level 13.0 Throwing
 + Level 21.0 Armour
 + Level 19.4 Dodging
 O Level 27 Shields
 - Level 8.0 Spellcasting
 - Level 21.0 Translocations
 - Level 8.4 Invocations
 - Level 8.1 Evocations


You had 29 spell levels left.
You knew the following spells:

 Your Spells              Type           Power        Failure   Level  Hunger
a - Blink                 Tloc           N/A          0%          2    None
b - Lesser Beckoning      Tloc           ######....   1%          3    None
c - Controlled Blink      Tloc           N/A          92%         8    #######

Your spell library contained the following spells:

 Spells                   Type           Power        Failure   Level  Hunger
 Apportation              Tloc           ######       0%          1    None
 Gell's Gravitas          Tloc           ######....   1%          3    None
 Shroud of Golubria       Chrm/Tloc      ####..       2%          2    None
 Dispersal                Tloc           ######....   3%          6    ######.
 Portal Projectile        Hex/Tloc       ####..       6%          3    None
 Recall                   Summ/Tloc      N/A          6%          3    None
 Force Lance              Conj/Tloc      ####....     22%         4    ###....
 Summon Forest            Summ/Tloc      ####......   56%         5    #####..
 Animate Skeleton         Necr           N/A          89%         1    None
 Beastly Appendage        Tmut           #.....       89%         1    None
 Confusing Touch          Hex            #.....       89%         1    None
 Corona                   Hex            #......      89%         1    None
 Flame Tongue             Conj/Fire      #....        89%         1    None
 Freeze                   Ice            #...         89%         1    None
 Infusion                 Chrm           #...         89%         1    None
 Magic Dart               Conj           #...         89%         1    None
 Pain                     Necr           #...         89%         1    None
 Shock                    Conj/Air       #...         89%         1    None
 Summon Butterflies       Summ           #.......     89%         1    None
 Summon Small Mammal      Summ           #...         89%         1    None
 Disjunction              Tloc           ######....   92%         8    #######
 Call Imp                 Summ           #.......     96%         2    None
 Corpse Rot               Necr           N/A          96%         2    None
 Ensorcelled Hibernation  Hex/Ice        #.....       96%         2    None
 Passwall                 Tmut/Erth      #.......     96%         2    None
 Slow                     Hex            #.......     96%         2    None
 Song of Slaying          Chrm           #.......     96%         2    None
 Sticks to Snakes         Tmut           #.......     96%         2    None
 Swiftness                Chrm/Air       #.......     96%         2    None
 Throw Flame              Conj/Fire      #.....       96%         2    None
 Throw Frost              Conj/Ice       #.....       96%         2    None
 Call Canine Familiar     Summ           #.......     99%         3    None
 Confuse                  Hex            #.......     99%         3    None
 Conjure Flame            Conj/Fire      #.......     99%         3    None
 Dazzling Spray           Conj/Hex       #.....       99%         3    None
 Ignite Poison            Fire/Tmut/Pois #.......     99%         3    None
 Inner Flame              Hex/Fire       #.......     99%         3    None
 Mephitic Cloud           Conj/Pois/Air  #.......     99%         3    None
 Ozocubu's Armour         Chrm/Ice       #.......     99%         3    None
 Regeneration             Chrm/Necr      #.........   99%         3    None
 Spectral Weapon          Hex/Chrm       #.......     99%         3    None
 Spider Form              Tmut/Pois      #.........   99%         3    None
 Static Discharge         Conj/Air       #.......     99%         3    None
 Stone Arrow              Conj/Erth      #.....       99%         3    None
 Summon Guardian Golem    Hex/Summ       #.......     99%         3    None
 Tukima's Dance           Hex            #.......     99%         3    None
 Vampiric Draining        Necr           #.........   99%         3    None
 Airstrike                Air            #.........   100%        4    ###....
 Animate Dead             Necr           N/A          100%        4    ###....
 Cause Fear               Hex            #.........   100%        4    ###....
 Ice Form                 Ice/Tmut       #.......     100%        4    ###....
 Leda's Liquefaction      Hex/Erth       #.........   100%        4    ###....
 Olgreb's Toxic Radiance  Pois           #.......     100%        4    ###....
 Petrify                  Tmut/Erth      #.......     100%        4    ###....
 Sticky Flame             Conj/Fire      #.......     100%        4    ###....
 Summon Ice Beast         Ice/Summ       #.......     100%        4    ###....
 Summon Lightning Spire   Summ/Air       #.......     100%        4    ###....
 Throw Icicle             Conj/Ice       #.......     100%        4    ###....
 Alistair's Intoxication  Tmut/Pois      #.......     100%        5    #####..
 Aura of Abjuration       Summ           #.........   100%        5    #####..
 Blade Hands              Tmut           #.........   100%        5    #####..
 Bolt of Magma            Conj/Fire/Erth #.........   100%        5    #####..
 Borgnjor's Vile Clutch   Necr/Erth      #.........   100%        5    #####..
 Fireball                 Conj/Fire      #.........   100%        5    #####..
 Irradiate                Conj/Tmut      #.........   100%        5    #####..
 Iskenderun's Battlesphe  Conj/Chrm      #.......     100%        5    #####..
 Lightning Bolt           Conj/Air       #.........   100%        5    #####..
 Metabolic Englaciation   Hex/Ice        #.........   100%        5    #####..
 Silence                  Hex/Air        #.........   100%        5    #####..
 Summon Demon             Summ           #.........   100%        5    #####..
 Summon Mana Viper        Hex/Summ       #.......     100%        5    #####..
 Venom Bolt               Conj/Pois      #.........   100%        5    #####..
 Yara's Violent Unravell  Hex/Tmut       #.........   100%        5    #####..
 Death Channel            Necr           #.........   100%        6    ######.
 Deflect Missiles         Chrm/Air       #.........   100%        6    ######.
 Hydra Form               Tmut           #.........   100%        6    ######.
 Invisibility             Hex            #.......     100%        6    ######.
 Iron Shot                Conj/Erth      #.........   100%        6    ######.
 Poison Arrow             Conj/Pois      #.........   100%        6    ######.
 Shadow Creatures         Summ           N/A          100%        6    ######.
 Simulacrum               Ice/Necr       #.........   100%        6    ######.
 Orb of Destruction       Conj           #.........   100%        7    #######
 Spellforged Servitor     Conj/Summ      #.........   100%        7    #######
 Summon Hydra             Summ           #.........   100%        7    #######
 Chain Lightning          Conj/Air       #.........   100%        8    #######
 Discord                  Hex            #.........   100%        8    #######
 Ignition                 Fire           #.........   100%        8    #######
 Lehudib's Crystal Spear  Conj/Erth      #.........   100%        8    #######
 Fire Storm               Conj/Fire      #.........   100%        9    #######
 Glaciate                 Conj/Ice       #.........   100%        9    #######
 Shatter                  Erth           #.........   100%        9    #######
 Tornado                  Air            #.........   100%        9    #######
 Sublimation of Blood     Necr           Unusable     N/A         2    N/A
 Statue Form              Tmut/Erth      Unusable     N/A         6    N/A

Dungeon Overview and Level Annotations

Branches:
Dungeon (15/15)            Temple (1/1) D:4            Lair (6/6) D:9
 Shoals (4/4) Lair:4       Spider (4/4) Lair:4        Slime (0/5) Lair:5
    Orc (2/2) D:9             Elf (0/3) Orc:2        Vaults (5/5) D:13
  Crypt (0/3) Vaults:2     Depths (5/5) D:15           Hell (visited)
    Dis (0/7) Hell            Geh (0/7) Hell            Coc (7/7) Hell
    Tar (7/7) Hell            Zot (5/5) Depths:5     Bailey (visited)
Volcano (visited)         Gauntlet (visited)

Altars:
Cheibriados
Elyvilon
Fedhas
Gozag
Hepliaklqana
Kikubaaqudgha
Makhleb
Nemelex Xobeh
Okawaru
Qazlal
Ru
Sif Muna
Trog
Vehumet
Wu Jian
Xom
Yredelemnul
Zin
The Shining One
Beogh

Shops:
D:8 :   D:10 !   D:11 *%?!   D:13 =   Orc:2 =*[=*::   Vaults:1 =   Depths:1 =*
Depths:2 ?

Portals:
Hell: Depths:1 Depths:2 Depths:3 Depths:4 Depths:5
Abyss: Depths:3 Depths:4 Depths:5
Pandemonium: Depths:3 Depths:4
Ziggurat: Depths:2

Annotations:
Coc:7 Antaeus


Innate Abilities, Weirdness & Mutations

You are resistant to torment.
Your stone body is resilient. (AC +20)
You are immune to poison.
Your large and strong wings let you fly indefinitely.
You resist negative energy. (rN+)
You are resistant to electric shocks. (rElec)
You can survive without breathing.
You are immune to petrification.
You are immune to rotting.
You have a pair of small horns on your head.
You have sharp toenails.
You are surrounded by a mild repulsion field. (EV +2)
You are partially covered in rugged brown scales. (AC +1, +3% HP)
You are very agile. (Dex +4)
You tend to lose your temper in combat.
Scrolls take you longer to read.
Armour fits poorly on your strangely shaped body.
Your body often deteriorates upon taking damage.
You are frail. (-10% HP)
Your magical capacity is very low. (-20% MP)
You occasionally shout uncontrollably at your foes.
You do not regenerate when monsters are visible.
You are very weak. (Str -4)
Potions are poor at restoring your health.
Your spells are easier to cast, but less powerful.
You expend magic power (3 MP) to strengthen your wands.


Message History

The blast of cold hits you. You resist.
* * * LOW HITPOINT WARNING * * *
The blizzard demon waves its arms in wide circles.
The air twists around and violently strikes you in flight.
Unknown command.
Okay, then.
Unknown command.
Really read with blurry vision while enemies are nearby?
You are engulfed in freezing vapours.
You resist.
* * * LOW HITPOINT WARNING * * *
The blizzard demon gestures at you. The bolt of lightning misses you.
You feel lost and a long, long way from home...
Strange energies run through your body.
You begin reading the scroll.
You continue reading the scroll.
You are engulfed in freezing vapours.
You resist.
* * * LOW HITPOINT WARNING * * *
The blizzard demon waves its arms in wide circles.
The air twists around and violently strikes you in flight!!
You die...

≈≈≈≈≈≈≈.≈≈.#...#.#...#.≈≈≈≈≈≈≈≈≈≈
##≈##≈.≈≈≈.#.........#.≈≈≈≈≈≈≈≈≈≈
..#..#≈≈≈≈.#.........#.≈≈≈≈≈≈≈≈≈≈
......#≈≈≈DZ#..÷)...#.≈≈≈≈≈≈≈≈≈≈≈
#.≈...#≈≈≈≈≈.#).#..#.≈≈≈≈≈≈≈≈≈≈≈≈
...≈.#≈≈≈≈≈≈≈D##)##.≈≈≈≈§≈≈≈≈≈≈≈≈
......#≈≈≈2≈≈≈.[≈≈≈≈≈≈≈≈≈≈≈≈≈≈≈≈≈
#..#..≈≈#≈≈≈≈≈W○≈≈≈≈≈≈≈≈≈§≈≈≈##**
≈##≈#≈.≈##≈≈≈≈≈≈@≈≈≈≈≈≈≈≈≈≈≈##
≈≈≈≈≈≈≈.≈##≈≈≈5≈≈≈≈≈≈≈≈≈≈≈≈≈#
≈≈≈≈≈##≈.≈##≈≈≈≈≈≈≈≈≈≈≈≈≈≈≈≈#
≈≈≈≈≈≈##≈.≈##≈≈≈≈≈≈≈≈≈≈≈≈≈≈≈#
.≈≈≈≈≈≈##≈.≈###≈≈≈≈≈≈≈≈≈≈≈≈≈#
#.≈≈≈≈≈≈##≈.≈≈#≈≈≈##≈≈≈≈≈##≈#
.#.≈≈≈≈≈≈##≈..#####*######***
.,#.≈≈≈≈≈≈#≈...#########**#####**
...#.≈≈≈≈≈###..........#*......,≈


You could see 2 ice dragons, a blizzard demon, a freezing wraith, a white imp
and a snapping turtle skeleton.

Vanquished Creatures
  Cerebov (Pan)
  Ereshkigal (Tar:7)
  4 pandemonium lords (Pan)
  Gloorx Vloq (Pan)
  Mnoleg (Pan)
  Lom Lobon (Pan)
  the Serpent of Hell (Coc:7)
  7 ancient liches
  6 orbs of fire
  A juggernaut (Depths:4)
  6 Killer Klowns (Zot:5)
  7 shard shrikes
  Margery (Vaults:5)
  3 caustic shrikes
  2 curse toes
  Saint Roka (Depths:3)
  16 golden dragons
  A profane servitor (Abyss:4)
  Geryon (Hell)
  15 bone dragons
  Arachne (Spider:3)
  14 Tzitzimimeh
  7 doom hounds
  2 hellephants (Abyss:1)
  3 electric golems
  4 Brimstone Fiends (Pan)
  Jorgrun (Spider:2)
  25 Orb Guardians
  A Hell Sentinel (Pan)
  9 liches
  24 tentacled monstrosities
  13 quicksilver dragons
  20 titans
  6 deep elf blademasters
  13 Ice Fiends
  10 tentacled starspawn
  An acid blob (Zot:3)
  21 Executioners (Pan)
  2 deep elf master archers
  Gastronok (D:10)
  A kraken (Shoals:2)
  Polyphemus (Shoals:4)
  13 storm dragons
  8 death cobs
  11 tengu reavers
  11 sphinxes
  28 shadow dragons
  A revenant (Hell)
  5 draconian monks
  5 draconian knights
  4 deep elf sorcerers
  A corrupter (Pan)
  27 fire giants
  23 frost giants
  8 ghost moths
  27 balrugs
  2 draconian scorchers (Zot:4)
  3 emperor scorpions (Spider:4)
  13 cacodemons (Pan)
  10 vault wardens
  2 iron dragons
  2 draconian shifters
  An orc warlord (Vaults:4)
  24 reapers
  2 draconian stormcallers
  2 deep elf elementalists
  2 draconian annihilators
  A spriggan defender (Depths:4)
  A warmonger (Pan)
  3 curse skulls
  3 elemental wellsprings (Coc:7)
  11 ironheart preservers
  2 entropy weavers
  36 stone giants
  6 war gargoyles
  2 blood saints (Pan)
  29 very ugly things
  9 vampire knights
  5 green draconians
  3 black suns (Pan)
  3 deep elf demonologists
  3 dire elephants
  9 lorocyprocas (Pan)
  A purple draconian (shapeshifter) (Zot:3)
  3 purple draconians
  A minotaur (Gauntlet)
  5 spark wasps
  11 yellow draconians
  6 red draconians
  10 black draconians
  2 yellow draconians (shapeshifter) (Zot:3)
  5 deep elf annihilators
  17 blizzard demons
  A crystal guardian (Zot:3)
  5 deep elf high priests
  5 merfolk javelineers
  4 white draconians
  3 deep elf death magi
  Snorg (D:12)
  14 ettins
  4 jiangshi
  13 green deaths
  An ettin (shapeshifter) (Vaults:5)
  9 merfolk impalers
  11 fire dragons
  28 yaktaur captains
  3 kraken zombies
  A quicksilver dragon zombie (Tar:7)
  5 quicksilver dragon skeletons
  32 vault guards
  6 great orbs of eyes
  8 monstrous demonspawn (Pan)
  12 rakshasas
  A naga warrior (Abyss:1)
  4 spriggan air magi
  2 hell beasts
  A death knight (Vaults:4)
  14 centaur warriors
  22 ice dragons
  An alligator snapping turtle (Shoals:4)
  4 hydras
  A shambling mangrove (Abyss:4)
  6 satyrs
  4 merfolk aquamancers
  2 catoblepae
  A ghost crab (Tar:2)
  32 two-headed ogres
  3 merfolk avatars
  12 ogre magi
  A queen ant (D:10)
  A two-headed ogre (shapeshifter) (Depths:2)
  5 orc high priests (Orc:2)
  2 vampire magi
  8 death yaks
  6 hell hogs
  3 spriggan berserkers
  5 tengu warriors
  A titan zombie (Tar:2)
  6 holy swine (Pan)
  10 deep troll shamans
  51 sun demons
  30 soul eaters
  14 thrashing horrors
  13 deep elf knights
  6 deep troll earth magi
  2 titan skeletons
  8 wretched stars
  Sonja (Orc:2)
  2 iron golems (Hell)
  5 iron trolls
  22 shadow wraiths
  81 skeletal warriors
  A golden dragon zombie (Hell)
  4 storm dragon skeletons
  28 slime creatures
  7 spatial maelstroms
  25 deep trolls
  15 sixfirhies
  A quicksilver dragon simulacrum (Coc:3)
  5 anaconda zombies
  22 shadow demons
  8 sea snakes
  9 hell knights
  3 infernal demonspawn (Pan)
  8 glowing orange brains
  14 deep elf archers
  3 torturous demonspawn (Pan)
  A death drake (Gauntlet)
  2 unseen horrors
  14 wizards
  2 ghost moth zombies
  5 flayed ghosts
  8 gelid demonspawn
  90 starcursed masses
  26 ironbrand convokers
  A tengu zombie (Vaults:4)
  8 phantasmal warriors
  2 golden dragon skeletons
  22 orc knights
  3 wolf spider zombies (D:15)
  10 necromancers
  14 orb spiders
  A lindwurm (Zot:2)
  2 anaconda skeletons (Hell)
  2 fire giant zombies
  A lindwurm (shapeshifter) (Depths:4)
  31 wolf spiders
  20 deep elf magi
  18 harpies
  6 frost giant zombies
  22 fauns
  An orb spider (shapeshifter) (Depths:5)
  2 shadow dragon skeletons
  4 orc sorcerers
  A shining eye (shapeshifter) (Depths:2)
  55 ugly things
  55 large abominations
  12 cyclopes
  9 worldbinders
  A wolf spider (shapeshifter) (Depths:3)
  A manticore (shapeshifter) (Depths:5)
  A moth of wrath (shapeshifter) (Vaults:1)
  15 manticores
  8 merfolk sirens
  A salamander (shapeshifter) (Depths:2)
  27 moths of wrath
  A dire elephant zombie (Tar:2)
  4 frost giant skeletons
  2 stone giant zombies
  28 elephants
  12 rust devils
  3 stone giant skeletons
  3 iron dragon skeletons
  5 guardian serpents (Zot:3)
  4 black mambas
  A spectral centaur (Gauntlet)
  A naga mage (D:15)
  A fire giant skeleton (Pan)
  4 torpor snails
  22 vault sentinels
  11 spiny frogs
  4 apocalypse crabs
  2 guardian serpents (shapeshifter)
  7 storm dragon simulacra (Coc:7)
  3 titan simulacra (Coc:7)
  2 gargoyles (Volcano)
  4 centaur skeletons
  5 water nymphs
  A molten gargoyle (Volcano)
  An ice statue (Hell)
  3 emperor scorpion zombies
  42 smoke demons
  23 orange demons
  4 human zombies
  A spiny frog (shapeshifter) (Vaults:3)
  A komodo dragon (shapeshifter) (Vaults:2)
  22 freezing wraiths
  61 yaktaurs
  14 hellions
  7 komodo dragons
  5 rime drakes (Lair:6)
  7 efreet
  3 dire elephant skeletons
  27 ice devils
  25 demonic crawlers
  12 ancient zymes
  24 red devils
  15 tormentors
  3 silent spectres
  5 anaconda simulacra
  23 hellwings
  6 trolls
  3 human skeletons
  34 jumping spiders
  5 hydra zombies
  2 tengu conjurers
  5 harpy zombies (Zot:3)
  A tyrant leech (shapeshifter) (Vaults:4)
  3 meliai (D:15)
  A wind drake (shapeshifter) (Vaults:4)
  20 wind drakes
  6 polar bears
  8 raiju
  A blink frog (shapeshifter) (Vaults:1)
  A harpy skeleton (Coc:7)
  23 merfolk
  8 alligator zombies
  Prince Ribbit (Lair:2)
  A bog body (Coc:7)
  17 hornets
  An ettin zombie (Tar:7)
  15 hippogriffs
  An ice dragon zombie (Tar:7)
  10 dream sheep
  6 hydra skeletons
  A raiju (shapeshifter) (Depths:5)
  12 blink frogs
  30 flying skulls
  9 snapping turtles
  A vampire (Abyss:3)
  3 ettin skeletons
  19 shadows
  A redback (shapeshifter) (Vaults:5)
  A fire dragon skeleton (Coc:6)
  23 water elementals
  A centaur simulacrum (D:15)
  63 yaks
  4 alligator skeletons
  24 tarantellas
  2 tarantellas (shapeshifter)
  11 wraiths
  3 ice dragon skeletons
  68 redbacks
  5 wyverns
  19 ynoxinuls
  2 black mamba skeletons
  The ghost of namelastname112 the Sneak, an amateur DrAs (D:3)
  9 fire elementals
  A hog (shapeshifter) (Depths:2)
  3 hungry ghosts
  A human (shapeshifter) (Depths:2)
  23 neqoxecs
  7 humans (D:13)
  4 basilisks
  An emperor scorpion simulacrum (Hell)
  8 vampire mosquitoes
  9 wargs
  14 chaos spawn
  A harpy simulacrum (Hell)
  7 spatial vortices
  An elf skeleton (Depths:2)
  4 insubstantial wisps (Abyss:4)
  An infernal demonspawn zombie (Tar:7)
  2 nagas (Abyss:1)
  2 spiny frog zombies
  2 acid dragons
  4 hydra simulacra (Coc:7)
  7 soldier ants
  A floating eye (shapeshifter) (Vaults:4)
  16 hell hounds
  14 water moccasins
  A floating eye (Depths:5)
  12 porcupines
  A deep troll skeleton (Vaults:1)
  A hornet zombie (Gauntlet)
  59 orc warriors
  3 spiny frog skeletons
  5 black bears
  A swamp dragon zombie (Tar:6)
  2 eyes of draining
  3 sky beasts
  10 ice beasts
  29 ogres
  A snapping turtle zombie (Coc:3)
  A boggart (Zot:3)
  25 necrophages
  8 phantoms
  37 wolves
  2 snapping turtle skeletons
  A crocodile (shapeshifter) (Abyss:4)
  21 centaurs
  12 crocodiles
  2 big kobolds (D:5)
  A gnoll sergeant (D:7)
  14 bullfrogs
  A glowing shapeshifter simulacrum (Vaults:3)
  3 spiny frog simulacra (Hell)
  2 elf simulacra
  7 scorpions
  22 small abominations
  A troll zombie (Coc:6)
  19 killer bees
  2 spriggan skeletons
  33 wights
  2 electric eels (Spider:3)
  3 howler monkeys
  20 crimson imps
  10 centaur zombies
  A hound (D:7)
  6 quasits
  7 jellies
  Crazy Yiuf (D:7)
  A bullfrog zombie (D:10)
  39 orc priests
  19 orc wizards
  4 iguanas
  2 iron imps
  A bullfrog skeleton (D:12)
  Natasha (twice) (D:4)
  24 worker ants
  11 hell rats
  2 tengu skeletons
  4 human simulacra
  A hound zombie (D:9)
  4 mummies
  3 worker ant zombies
  Robin (D:2)
  4 gnolls (D:7)
  17 adders
  18 shadow imps
  17 white imps
  6 ufetubi
  4 oozes
  An adder zombie (D:7)
  An adder skeleton (D:4)
  2 worms (Lair:4)
  3 dart slugs
  4 leopard geckos
  133 orcs
  4 giant cockroaches
  15 goblins
  5 hobgoblins
  6 jackals
  4 quokkas
  A ball python (D:1)
  8 bats
  6 frilled lizards
  A jackal skeleton (D:6)
  15 kobolds
  A quokka skeleton (D:7)
  4 rats
  A lurking horror (Abyss:4)
  4 plants
  6 starspawn tentacles
  4 tentacles
3782 creatures vanquished.

Vanquished Creatures (collateral kills)
  An orb spider (Spider:1)
  2 orc warriors (Bailey)
  5 orcs (Bailey)
8 creatures vanquished.

Vanquished Creatures (others)
  A deep elf master archer (Pan)
  3 eldritch tentacles
  3 elemental wellsprings
  A blizzard demon (Coc:7)
  An ice dragon (Coc:7)
  A vault guard (D:13)
  A hell hog (Hell)
  A titan zombie (Coc:7)
  A sixfirhy (Pan)
  An orb spider (Spider:1)
  A moth of wrath (Pan)
  An orc warrior (Bailey)
  A fire giant simulacrum (Abyss:4)
  A redback (Spider:1)
  A tarantella (Spider:4)
  A water elemental (Abyss:4)
  3 chaos spawn (Pan)
  A warg (Vaults:2)
  A hell hound (Tar:2)
  A boggart (Zot:3)
  3 ogres
  An ufetubus (Abyss:1)
  7 ball lightnings (Pan)
  5 orcs
  A bush (D:9)
  14 fungi
  A lurking horror (Abyss:4)
  59 plants
  22 starspawn tentacles
  26 tentacles
  A withered plant (D:9)
166 creatures vanquished.

Grand Total: 3956 creatures vanquished

Notes
Turn   | Place    | Note
-------+----------+-------------------------------------------
     0 | D:1      | Froggeryz the Gargoyle Gladiator began the quest for the
                  | Orb.
     0 | D:1      | Reached XP level 1. HP: 12/12 MP: 1/1
   213 | D:1      | Reached XP level 2. HP: 17/17 MP: 2/2
   584 | D:2      | Found a faded altar of an unknown god.
   589 | D:2      | Noticed Robin
   610 | D:2      | Reached XP level 3. HP: 15/21 MP: 3/3
   614 | D:2      | Killed Robin
   972 | D:2      | Found a hazy altar of Hepliaklqana.
  1665 | D:3      | Reached XP level 4. HP: 21/26 MP: 4/4
  1736 | D:2      | Reached skill level 5 in Maces & Flails
  1965 | D:3      | Reached XP level 5. HP: 30/30 MP: 5/5
  2199 | D:3      | Reached XP level 6. HP: 33/35 MP: 6/6
  2562 | D:3      | Found a white marble altar of Elyvilon.
  2593 | D:3      | Found a runed translucent door.
  2677 | D:3      | Found a glowing golden altar of the Shining One.
  2840 | D:3      | Noticed namelastname112's ghost (amateur DrAs)
  3008 | D:3      | Reached XP level 7. HP: 40/40 MP: 7/7
  3017 | D:3      | Killed namelastname112's ghost
  3378 | D:4      | Noticed Natasha
  3382 | D:4      | Killed Natasha
  3450 | D:4      | Reached XP level 8. HP: 30/44 MP: 8/8
  3628 | D:4      | Found a staircase to the Ecumenical Temple.
  3643 | Temple   | Entered the Ecumenical Temple
  3707 | Temple   | Became a worshipper of Warmaster Okawaru
  3760 | D:4      | Noticed Natasha
  3768 | D:4      | Killed Natasha
  3778 | D:5      | Entered Level 5 of the Dungeon
  3949 | D:5      | Reached skill level 10 in Maces & Flails
  4324 | D:5      | Found a stormy altar of Qazlal.
  4328 | D:5      | Found a transporter.
  4337 | D:5      | Found a transporter.
  4361 | D:5      | Reached * piety under Okawaru
  4752 | D:5      | Reached XP level 9. HP: 48/48 MP: 9/9
  5327 | D:6      | Found a snail-covered altar of Cheibriados.
  5787 | D:7      | Found a runed translucent door.
  5788 | D:7      | Noticed Crazy Yiuf
  5799 | D:7      | Killed Crazy Yiuf
  5892 | D:7      | Reached ** piety under Okawaru
  6675 | D:8      | Found Hearide's Book Boutique.
  6947 | D:8      | Reached XP level 10. HP: 15/58 MP: 10/10
  7174 | D:8      | Got a twisted quarterstaff
  7175 | D:8      | Identified the cursed +1 quarterstaff of the Firefly
                  | {flame, rC- MR++ Dex+2 Stlth+} (You found it on level 8 of
                  | the Dungeon)
  7219 | D:8      | Reached *** piety under Okawaru
  7544 | D:9      | Reached skill level 5 in Fighting
  7821 | D:9      | Found a staircase to the Lair.
  7916 | D:9      | Found a burning altar of Makhleb.
  7997 | D:9      | Got a slimy brass ring
  8070 | D:9      | Reached **** piety under Okawaru
  8217 | D:9      | Found a blossoming altar of Fedhas.
  8284 | D:9      | Noticed a centaur warrior
  8303 | D:9      | Killed a centaur warrior
  8303 | D:9      | Reached ***** piety under Okawaru
  8730 | D:9      | Noticed a two-headed ogre
  8764 | D:9      | Killed a two-headed ogre
  8764 | D:9      | Reached XP level 11. HP: 58/68 MP: 11/11
  8952 | D:10     | Entered Level 10 of the Dungeon
  8966 | D:10     | Received a gift from Okawaru
  8967 | D:10     | Got a pair of pitted boots {god gift}
  8968 | D:10     | Identified the +1 pair of boots of Foolhardiness {-Cast
                  | rC++ Str+2 Slay+5} (Okawaru gifted it to you on level 10 of
                  | the Dungeon)
  8969 | D:10     | Identified the ring "Measaf Puept" {rF- MR+ Str+7 Dex+2}
                  | (You found it on level 9 of the Dungeon)
  8980 | D:10     | Reached skill level 15 in Maces & Flails
  9063 | D:10     | Noticed a queen ant
  9296 | D:10     | Found Sinefoa's Distillery.
  9328 | D:10     | Found a flagged portal.
  9342 | Bailey   | Entered a bailey
  9793 | Bailey   | Reached skill level 1 in Shields
 10216 | Bailey   | Noticed an orc knight
 10229 | Bailey   | Killed an orc knight
 10244 | Bailey   | Got a crude leather armour
 10459 | Bailey   | Identified the +3 leather armour "Elissuci" {rElec rPois
                  | Dex+5} (You found it in a bailey)
 10648 | D:10     | Killed a queen ant
 10648 | D:10     | Reached skill level 1 in Armour
 10996 | D:10     | Noticed Gastronok
 11019 | D:10     | Killed Gastronok
 11019 | D:10     | Received a gift from Okawaru
 11426 | D:10     | Bought a potion of degeneration for 12 gold pieces
 11426 | D:10     | Bought a potion of heal wounds for 60 gold pieces
 11460 | D:9      | Reached XP level 12. HP: 76/76 MP: 12/12
 11644 | D:9      | Found a staircase to the Orcish Mines.
 11856 | Lair:1   | Entered Level 1 of the Lair of Beasts
 12226 | Lair:1   | Reached ****** piety under Okawaru
 12264 | Lair:1   | Received a gift from Okawaru
 12676 | Lair:1   | Reached skill level 5 in Armour
 13272 | Lair:2   | Found a gate leading to a gauntlet.
 13280 | Gauntlet | Entered a Gauntlet
 13280 | Gauntlet | Found a transporter.
 13287 | Gauntlet | Found a transporter.
 13289 | Gauntlet | Found a transporter.
 13304 | Gauntlet | Found a transporter.
 13306 | Gauntlet | Found a transporter.
 13335 | Gauntlet | Found a transporter.
 13339 | Gauntlet | Found a runed translucent door.
 13340 | Gauntlet | Found a runed translucent door.
 13346 | Gauntlet | Found a transporter.
 13348 | Gauntlet | Found a transporter.
 13361 | Gauntlet | Found a transporter.
 13371 | Gauntlet | Found a transporter.
 13384 | Gauntlet | Found a transporter.
 13384 | Gauntlet | Noticed a wretched star
 13394 | Gauntlet | Found a transporter.
 13417 | Gauntlet | Found a transporter.
 13417 | Gauntlet | Found a transporter.
 13511 | Gauntlet | Got a faintly humming scale mail
 13512 | Gauntlet | Identified the +0 scale mail of the Forgotten Dances {rElec
                  | Int-5 Dex+4} (You found it in a Gauntlet)
 13535 | Gauntlet | Reached skill level 10 in Fighting
 13647 | Gauntlet | Got a scorched silver ring
 13805 | Gauntlet | Noticed a minotaur
 13823 | Gauntlet | Killed a minotaur
 14063 | Lair:2   | Reached XP level 13. HP: 83/83 MP: 13/13
 14274 | Lair:2   | Noticed Prince Ribbit
 14285 | Lair:2   | Killed Prince Ribbit
 14732 | Lair:3   | Received a gift from Okawaru
 14733 | Lair:3   | Got a slimy plate armour {god gift}
 14737 | Lair:3   | Identified the +4 plate armour "Egru" {+Inv rN+ MR+}
                  | (Okawaru gifted it to you on level 3 of the Lair of Beasts)
 14738 | Lair:3   | Identified the ring of Uptujaarph {Fire *Slow +Blink MR+}
                  | (You found it in a Gauntlet)
 15077 | Lair:3   | Found a dark tunnel.
 15093 | Volcano  | Entered a volcano
 15200 | Volcano  | Reached skill level 1 in Invocations
 15764 | Lair:4   | Found a hole to the Spider Nest.
 16099 | Lair:4   | Received a gift from Okawaru
 16112 | Lair:4   | Got a translucent demon whip {god gift}
 16113 | Lair:4   | Identified the +4 demon whip "Plog" {slash, MR+ Str+2}
                  | (Okawaru gifted it to you on level 4 of the Lair of Beasts)
 16127 | Lair:4   | Gained mutation: Your large and strong wings let you fly
                  | indefinitely. [Gargoyle growth]
 16127 | Lair:4   | Reached XP level 14. HP: 91/91 MP: 16/16
 16137 | Lair:4   | Found a staircase to the Shoals.
 16592 | Lair:5   | Found a staircase to the Slime Pits.
 17039 | Lair:6   | Entered Level 6 of the Lair of Beasts
 17613 | Lair:6   | Received a gift from Okawaru
 17906 | Lair:6   | Reached skill level 5 in Invocations
 18033 | Lair:6   | Received a gift from Okawaru
 18367 | Lair:6   | Received a gift from Okawaru
 18378 | Lair:6   | Got a pair of ichor-stained gloves {god gift}
 18582 | Lair:6   | Reached skill level 10 in Armour
 18641 | Lair:6   | Got a smoking bronze ring
 18854 | Lair:6   | Reached XP level 15. HP: 97/97 MP: 19/19
 19008 | Lair:6   | Reached skill level 5 in Shields
 19489 | Orc:1    | Entered Level 1 of the Orcish Mines
 19530 | Orc:1    | Found a roughly hewn altar of Beogh.
 20205 | Orc:2    | Entered Level 2 of the Orcish Mines
 20269 | Orc:2    | Found a staircase to the Elven Halls.
 20348 | Orc:2    | Found Wyzuph's General Store.
 20830 | Orc:2    | Noticed Sonja
 20838 | Orc:2    | Killed Sonja
 21095 | Orc:2    | Gained mutation: Your spells are a little easier to cast,
                  | but a little less powerful. [a neqoxec]
 21103 | Orc:2    | Received a gift from Okawaru
 21127 | Orc:2    | Identified the +2 pair of gloves of Ciyll {rC+ Str+3}
                  | (Okawaru gifted it to you on level 6 of the Lair of Beasts)
 21265 | Orc:2    | Found Coskaikh's Jewellery Shop.
 21268 | Orc:2    | Found Qotug's Book Shop.
 21269 | Orc:2    | Found Naisel's Book Shop.
 21270 | Orc:2    | Found Cucosurgh's Assorted Antiques.
 21345 | Orc:2    | Found Quenes's Jewellery Shop.
 21352 | Orc:2    | Bought the amulet of Qechytef {Regen+ Str+4 Slay+5} for 863
                  | gold pieces
 21433 | Orc:2    | Bought a scroll of identify for 76 gold pieces
 21433 | Orc:2    | Bought a scroll of identify for 76 gold pieces
 21433 | Orc:2    | Identified the ring of Husothoc {Str+3 Int+2 Slay+4} (You
                  | found it on level 6 of the Lair of Beasts)
 21495 | Orc:2    | Found Uxtarom's Armour Boutique.
 21970 | D:11     | Found Daurhats's Food Emporium.
 22069 | D:11     | Found Vurynu's Magic Scroll Shoppe.
 22075 | D:11     | Bought a scroll of blinking for 112 gold pieces
 22344 | D:11     | Found Nyukyupn's General Store.
 22351 | D:11     | Bought a scroll of identify for 28 gold pieces
 22378 | D:11     | Found Ucaw's Distillery.
 22391 | D:11     | Bought a potion of heal wounds for 85 gold pieces
 22987 | D:12     | Noticed Snorg
 22994 | D:12     | Killed Snorg
 23441 | D:13     | Found Acvas's Jewellery Emporium.
 23931 | D:13     | Found a gate to the Vaults.
 24312 | D:14     | Reached XP level 16. HP: 93/104 MP: 22/22
 24386 | D:14     | Found a runed translucent door.
 24411 | D:14     | Received a gift from Okawaru
 24421 | D:14     | Got a bloodstained mace
 24429 | D:14     | Got a translucent morningstar
 24431 | D:14     | Got a faintly humming chain mail
 24444 | D:14     | Identified the +2 mace "Jugam" {venom, rPois} (You found it
                  | on level 14 of the Dungeon)
 24446 | D:14     | Identified the +6 chain mail of the Unstoppable Wars {rElec
                  | rC++ Dex-2} (You found it on level 14 of the Dungeon)
 24447 | D:14     | Identified the +4 morningstar of Cirph {elec, rElec rF+
                  | Str+3} (You found it on level 14 of the Dungeon)
 24877 | D:14     | Got a jewelled plate armour
 24878 | D:14     | Identified the +4 plate armour "Xekus" {*Contam rC+ Str+5
                  | Int+6} (You found it on level 14 of the Dungeon)
 25001 | D:15     | Entered Level 15 of the Dungeon
 25587 | D:15     | Found a staircase to the Depths.
 25788 | D:9      | Received a gift from Okawaru
 25928 | Spider:1 | Entered Level 1 of the Spider Nest
 26023 | Lair:4   | Reached skill level 10 in Shields
 26820 | Spider:1 | Lost mutation: Your spells are a little easier to cast, but
                  | a little less powerful. [potion of mutation]
 26820 | Spider:1 | Gained mutation: Your flesh is cold resistant. (rC+)
                  | [potion of mutation]
 26820 | Spider:1 | Gained mutation: You are occasionally teleported next to
                  | monsters. [potion of mutation]
 26820 | Spider:1 | Gained mutation: You are partially covered in thin metallic
                  | scales. (AC +2) [potion of mutation]
 26820 | Spider:1 | Gained mutation: You are agile. (Dex +2) [potion of
                  | mutation]
 26829 | Spider:2 | Noticed Jorgrun
 26943 | Spider:2 | Received a gift from Okawaru
 26947 | Spider:2 | Killed Jorgrun
 26947 | Spider:2 | Reached skill level 15 in Fighting
 26947 | Spider:2 | Reached XP level 17. HP: 100/113 MP: 23/23
 26953 | Spider:2 | Got a twisted eveningstar {god gift}
 26992 | Spider:2 | Identified the +8 eveningstar "Fuditier" {drain, rN+ Str+2
                  | Dex+4} (Okawaru gifted it to you on level 2 of the Spider
                  | Nest)
 27231 | Spider:2 | Lost mutation: You are partially covered in thin metallic
                  | scales. (AC +2) [potion of mutation]
 27231 | Spider:2 | Lost mutation: You are occasionally teleported next to
                  | monsters. [potion of mutation]
 27231 | Spider:2 | Gained mutation: You are partially covered in rugged brown
                  | scales. (AC +1, +3% HP) [potion of mutation]
 27231 | Spider:2 | Gained mutation: You are surrounded by a mild repulsion
                  | field. (EV +2) [potion of mutation]
 27407 | Spider:3 | Received a gift from Okawaru
 27408 | Spider:3 | Got a warped eveningstar {god gift}
 27409 | Spider:3 | Identified the +4 eveningstar "Cubyufo" {drain, Fragile
                  | rPois rC+++ Str+2} (Okawaru gifted it to you on level 3 of
                  | the Spider Nest)
 27579 | Spider:3 | Noticed Arachne
 27591 | Spider:3 | Killed Arachne
 27911 | Spider:4 | Entered Level 4 of the Spider Nest
 28229 | Spider:4 | Received a gift from Okawaru
 28862 | Spider:4 | Received a gift from Okawaru
 28946 | Spider:4 | Reached skill level 15 in Shields
 29071 | Spider:4 | Got a gossamer rune of Zot
 29191 | Shoals:1 | Entered Level 1 of the Shoals
 29349 | Shoals:1 | Reached XP level 18. HP: 123/123 MP: 24/24
 29531 | Shoals:1 | Received a gift from Okawaru
 30588 | Shoals:2 | Received a gift from Okawaru
 30846 | Shoals:2 | Found the ring of Phasing {EV+8}
 31836 | Shoals:4 | Entered Level 4 of the Shoals
 32003 | Shoals:4 | Received a gift from Okawaru
 32022 | Shoals:4 | Got a barnacled rune of Zot
 32168 | Shoals:4 | Noticed Polyphemus
 32170 | Shoals:4 | Reached XP level 19. HP: 131/131 MP: 25/25
 32184 | Shoals:4 | Killed Polyphemus
 32715 | Shoals:4 | Identified the Collected Works on Shifting Darkness
 33146 | Vaults:1 | Entered Level 1 of the Vaults
 33487 | Vaults:1 | Received a gift from Okawaru
 33547 | Vaults:1 | Identified the Disquisition on Changing and Contamination
 33667 | Vaults:1 | Found Vimoub's Jewellery Shop.
 33670 | Vaults:1 | Cast into level 2 of the Abyss (a wizard)
 33712 | Abyss:3  | Found a corrupted altar of Lugonu.
 33783 | Abyss:3  | Noticed an ancient lich
 33797 | Abyss:3  | Killed an ancient lich
 33976 | Abyss:4  | Received a gift from Okawaru
 34369 | Vaults:1 | Escaped the Abyss
 34607 | Vaults:1 | Reached XP level 20. HP: 140/140 MP: 26/26
 35228 | Vaults:2 | Received a gift from Okawaru
 36583 | Vaults:2 | Found a staircase to the Crypt.
 36583 | Vaults:2 | Found a basalt altar of Yredelemnul.
 36584 | Vaults:2 | Found an ancient bone altar of Kikubaaqudgha.
 37191 | Vaults:3 | Received a gift from Okawaru
 37201 | Vaults:3 | Reached XP level 21. HP: 139/148 MP: 27/27
 37218 | Vaults:3 | Identified 4 scrolls of acquirement
 37219 | Vaults:3 | Identified a +1 pair of boots of running (Okawaru gifted it
                  | to you on level 3 of the Vaults)
 37224 | Vaults:3 | Got an encrusted helmet
 37228 | Vaults:3 | Found the +27 Lear's hauberk
 37236 | Vaults:3 | Identified the +0 helmet "Jiestroot" {*Slow rElec rC++
                  | Stlth+} (You acquired it on level 3 of the Vaults)
 38193 | Vaults:4 | Received a gift from Okawaru
 38486 | Vaults:4 | Received a gift from Okawaru
 39137 | Vaults:5 | Entered Level 5 of the Vaults
 39242 | Vaults:5 | Noticed a golden dragon
 39252 | Vaults:5 | Reached XP level 22. HP: 152/156 MP: 28/28
 39270 | Vaults:5 | Reached skill level 15 in Armour
 39270 | Vaults:5 | Noticed an ancient lich
 39274 | Vaults:5 | Noticed an ancient lich
 39609 | Vaults:4 | Received a gift from Okawaru
 39794 | Vaults:4 | Killed an ancient lich
 40059 | Vaults:5 | Noticed Margery
 40075 | Vaults:4 | Received a gift from Okawaru
 40370 | Vaults:5 | Killed Margery
 40404 | Vaults:5 | Received a gift from Okawaru
 40642 | Vaults:5 | Got a silver rune of Zot
 40674 | Vaults:5 | Killed an ancient lich
 40674 | Vaults:5 | Reached XP level 23. HP: 140/162 MP: 29/29
 40906 | Vaults:5 | Identified the Catalogue of Transmutation and Darkness
 41057 | Vaults:5 | Identified the amulet "Oketom" {Harm *Corrode *Drain Str+4
                  | Dex+4}
 41386 | Vaults:5 | Killed a golden dragon
 41425 | Vaults:5 | Identified the +9 halberd of Crusades {chop, rN+ MR+ Str+3
                  | Int-4}
 41689 | Depths:1 | Entered Level 1 of the Depths
 41725 | Depths:1 | Found Teclag's Jewellery Shop.
 41749 | Depths:1 | Got an ancient cloak
 41750 | Depths:1 | Identified the cursed -4 cloak of Action {rPois Dex+2} (You
                  | found it on level 1 of the Depths)
 41983 | Depths:1 | Received a gift from Okawaru
 41984 | Depths:1 | Found the +7 Kryia's mail coat {PotionHeal*2 rC+}
 42024 | Depths:1 | Found Unloschu's General Store.
 42126 | Depths:1 | Found a gateway to Hell.
 42405 | Depths:2 | Found a gateway to a ziggurat.
 42431 | Depths:2 | Found Teiqi's Magic Scroll Shop.
 42459 | Depths:2 | Bought a scroll of torment for 142 gold pieces
 42658 | Depths:2 | Noticed a caustic shrike
 42663 | Depths:2 | Killed a caustic shrike
 42666 | Depths:2 | Reached skill level 5 in Dodging
 42780 | Depths:2 | Learned a level 2 spell: Blink
 42863 | Depths:2 | Reached skill level 1 in Translocations
 42868 | Depths:2 | Gained mutation: You are very agile. (Dex +4) [a shining
                  | eye]
 42959 | Depths:2 | Reached skill level 1 in Spellcasting
 43126 | Depths:2 | Reached XP level 24. HP: 162/170 MP: 29/29
 43141 | Depths:2 | Received a gift from Okawaru
 43635 | Depths:3 | Identified the ring of Satyriasis {MR+ Str+4 Int-3 Stlth-}
 43698 | Depths:3 | Noticed Saint Roka
 43699 | Depths:3 | Identified a ring of Imut {rC+ Int+6}
 43700 | Depths:3 | Identified the ring of the Louse {AC+4 Dex+3 Stlth+}
 43712 | Depths:3 | Killed Saint Roka
 43982 | Depths:3 | Reached skill level 5 in Translocations
 44266 | Depths:3 | Found a one-way gate to the infinite horrors of the Abyss.
 44304 | Depths:3 | Found a one-way gate leading to the halls of Pandemonium.
 44691 | Depths:4 | Received a gift from Okawaru
 44692 | Depths:4 | Got a polished plate armour {god gift}
 44693 | Depths:4 | Identified the +4 plate armour of Froggeryz's Valiance
                  | {rElec rC+ Stlth+} (Okawaru gifted it to you on level 4 of
                  | the Depths)
 44829 | Depths:4 | Noticed a juggernaut
 44834 | Depths:4 | Killed a juggernaut
 45063 | Depths:4 | Reached skill level 5 in Spellcasting
 45088 | Depths:4 | Identified the +4 falchion of Terra Cotta {slice, *Corrode
                  | MP+9 Str+5 Int+2}
 45089 | Depths:4 | Identified the +1 short sword "Fedghe" {antimagic, Int+4}
 45145 | Depths:4 | Reached XP level 25. HP: 105/176 MP: 31/31
 45541 | Depths:4 | Received a gift from Okawaru
 45548 | Depths:4 | Got a crude helmet {god gift}
 45549 | Depths:4 | Identified the +0 helmet of the Salamander {+Blink rN+
                  | Str+4} (Okawaru gifted it to you on level 4 of the Depths)
 45789 | Depths:5 | Entered Level 5 of the Depths
 46023 | Depths:5 | Paralysed by a vampire knight for 7 turns
 46084 | Depths:5 | Found a gate to the Realm of Zot.
 46167 | Depths:5 | Found an ornate altar of the Wu Jian Council.
 46168 | Depths:5 | Found an ornate altar of the Wu Jian Council.
 46168 | Depths:5 | Found a snail-covered altar of Cheibriados.
 46312 | Depths:5 | Paralysed by a floating eye for 3 turns
 46338 | Depths:5 | Reached skill level 10 in Translocations
 46436 | Depths:5 | Received a gift from Okawaru
 46812 | Depths:5 | Reached XP level 26. HP: 144/182 MP: 35/35
 47201 | Depths:5 | Learned a level 3 spell: Lesser Beckoning
 47328 | Zot:1    | Entered Level 1 of the Realm of Zot
 47687 | Zot:1    | Received a gift from Okawaru
 49905 | Zot:2    | Received a gift from Okawaru
 50161 | Zot:2    | Reached skill level 15 in Translocations
 50490 | Zot:3    | Got a fine large shield
 50491 | Zot:3    | Identified the +14 large shield of Theory {rC+ Dex+3} (You
                  | acquired it on level 3 of the Realm of Zot)
 50525 | Zot:3    | Noticed an orb of fire
 50556 | Zot:3    | Noticed an orb of fire
 50565 | Zot:3    | Killed an orb of fire
 50579 | Zot:3    | Killed an orb of fire
 50853 | Zot:3    | Received a gift from Okawaru
 50932 | Zot:3    | Reached XP level 27. HP: 164/187 MP: 1/35
 51541 | Zot:3    | Received a gift from Okawaru
 52120 | Zot:4    | Received a gift from Okawaru
 52411 | Zot:5    | Entered Level 5 of the Realm of Zot
 52888 | Zot:5    | Received a gift from Okawaru
 52890 | Zot:5    | Got a faintly glowing eveningstar {god gift}
 52897 | Zot:5    | Identified the +1 eveningstar of Darkness {crush, Int+3
                  | Dex+2 SInv} (Okawaru gifted it to you on level 5 of the
                  | Realm of Zot)
 53360 | Zot:5    | Noticed an orb of fire
 53384 | Zot:5    | Noticed an orb of fire
 53386 | Zot:5    | Noticed an orb of fire
 53397 | Zot:5    | Noticed an ancient lich
 53979 | Zot:5    | Gained mutation: Your body sometimes deteriorates upon
                  | taking damage. [an orb of fire]
 53983 | Zot:5    | Killed an orb of fire
 54001 | Zot:5    | Received a gift from Okawaru
 54001 | Zot:5    | Noticed an ancient lich
 54002 | Zot:5    | Gained mutation: You occasionally shout uncontrollably at
                  | your foes. [an orb of fire]
 54007 | Zot:5    | Killed an orb of fire
 54008 | Zot:5    | Noticed an orb of fire
 54014 | Zot:5    | Killed an ancient lich
 54022 | Zot:5    | Gained mutation: Your body often deteriorates upon taking
                  | damage. [an orb of fire]
 54025 | Zot:5    | Killed an orb of fire
 54027 | Zot:5    | Gained mutation: Your magical capacity is low. (-10% MP)
                  | [an orb of fire]
 54032 | Zot:5    | Killed an orb of fire
 54054 | Zot:5    | Killed an ancient lich
 54069 | Zot:5    | Reached skill level 10 in Dodging
 54275 | Zot:5    | Received a gift from Okawaru
 54424 | Zot:5    | Received a gift from Okawaru
 54524 | Zot:5    | Learned a level 8 spell: Controlled Blink
 55097 | D:3      | Fell from the grace of Okawaru
 55097 | D:3      | Became a worshipper of the Shining One
 55371 | Hell     | Entered the Vestibule of Hell
 55371 | Hell     | Noticed Geryon
 55888 | Depths:5 | Voluntarily entered the Abyss.
 55888 | Abyss:1  | Noticed an ancient lich
 55899 | Abyss:1  | Killed an ancient lich
 55975 | Abyss:1  | Reached skill level 1 in Evocations
 56047 | Abyss:1  | Reached * piety under the Shining One
 56137 | Abyss:1  | Reached ** piety under the Shining One
 56496 | Abyss:1  | Reached *** piety under the Shining One
 56508 | Abyss:2  | Found a corrupted altar of Lugonu.
 56764 | Abyss:3  | Paralysed by accursed screaming for 2 turns
 56777 | Abyss:3  | Paralysed by accursed screaming for 1 turns
 56828 | Abyss:3  | Reached **** piety under the Shining One
 57033 | Abyss:4  | Reached ***** piety under the Shining One
 57168 | Abyss:4  | Reached skill level 5 in Evocations
 57219 | Abyss:4  | Got an abyssal rune of Zot
 57369 | Abyss:4  | Paralysed by accursed screaming for 1 turns
 57480 | Abyss:4  | Paralysed by accursed screaming for 1 turns
 57486 | Abyss:4  | Paralysed by accursed screaming for 2 turns
 57493 | Abyss:4  | Paralysed by accursed screaming for 1 turns
 57509 | Abyss:4  | Reached ****** piety under the Shining One
 57647 | Abyss:5  | Entered Level 5 of the Abyss
 57689 | Depths:5 | Escaped the Abyss
 57690 | Depths:5 | Lost mutation: Your body often deteriorates upon taking
                  | damage. [potion of mutation]
 57690 | Depths:5 | Lost mutation: You occasionally shout uncontrollably at
                  | your foes. [potion of mutation]
 57690 | Depths:5 | Gained mutation: Your mind is acute. (Int +2) [potion of
                  | mutation]
 57690 | Depths:5 | Gained mutation: You are covered in fur. (AC +1) [potion of
                  | mutation]
 57937 | Hell     | Killed Geryon
 58017 | Hell     | Found a gateway to the freezing wastes of Cocytus.
 58245 | Hell     | Found a gateway to the Iron City of Dis.
 58388 | Hell     | Found a gateway to the ashen valley of Gehenna.
 58476 | Hell     | Found a gateway to the decaying netherworld of Tartarus.
 58768 | Pan      | Entered Pandemonium
 58841 | Pan      | Noticed Vautsulu the pandemonium lord
 58863 | Pan      | Killed Vautsulu the pandemonium lord
 59666 | Pan      | Gained mutation: You are frail. (-10% HP) [a neqoxec]
 59686 | Pan      | Noticed Aheuciox the pandemonium lord
 59694 | Pan      | Got a demonic rune of Zot
 59744 | Pan      | Killed Aheuciox the pandemonium lord
 59863 | Pan      | Gained mutation: You are very frail. (-20% HP) [a neqoxec]
 59866 | Pan      | Gained mutation: You expend magic power (3 MP) to
                  | strengthen your wands. [a neqoxec]
 59889 | Pan      | Lost mutation: You are covered in fur. (AC +1) [potion of
                  | mutation]
 59889 | Pan      | Lost mutation: Your flesh is cold resistant. (rC+) [potion
                  | of mutation]
 59889 | Pan      | Lost mutation: You are very frail. (-20% HP) [potion of
                  | mutation]
 59889 | Pan      | Lost mutation: You are frail. (-10% HP) [potion of
                  | mutation]
 59889 | Pan      | Gained mutation: Your spells are a little easier to cast,
                  | but a little less powerful. [potion of mutation]
 59889 | Pan      | Gained mutation: You have sharp toenails. [potion of
                  | mutation]
 59889 | Pan      | Gained mutation: You have a pair of small horns on your
                  | head. [potion of mutation]
 60069 | Pan      | Found an exit through the horrors of the Abyss.
 60101 | Pan      | Noticed Upto the pandemonium lord
 60113 | Pan      | Killed Upto the pandemonium lord
 60324 | Pan      | Was forgiven by Okawaru
 60525 | Pan      | Gained mutation: You are weak. (Str -2) [a neqoxec]
 60816 | Pan      | Noticed Rigremuy the pandemonium lord
 60831 | Pan      | Killed Rigremuy the pandemonium lord
 60844 | Pan      | Entered the realm of Lom Lobon.
 61469 | Pan      | Noticed Lom Lobon
 61498 | Pan      | Killed Lom Lobon
 61871 | Pan      | Got a magical rune of Zot
 61983 | Pan      | Entered the realm of Cerebov.
 62062 | Pan      | Reached skill level 15 in Dodging
 62379 | Pan      | Got a scorched iron ring
 62391 | Pan      | Identified the ring "Nuwkuted" {rF+ Dex+2} (You found it in
                  | Pandemonium)
 62472 | Pan      | Identified the +6 sword of Cerebov {flame}
 62472 | Pan      | Noticed Cerebov
 62518 | Pan      | Killed Cerebov
 62607 | Pan      | Identified the Papyrus of Augmentations and Ignition
 62834 | Pan      | Got a smoking plate armour
 62835 | Pan      | Identified the +4 plate armour of Fedhas's Displeasure
                  | {rN++ MR- Str+7} (You found it in Pandemonium)
 63381 | Pan      | Got a fiery rune of Zot
 63438 | Pan      | Entered the realm of Mnoleg.
 63479 | Pan      | Gained mutation: You occasionally shout uncontrollably at
                  | your foes. [a neqoxec]
 63482 | Pan      | Gained mutation: Your spells are easier to cast, but less
                  | powerful. [a neqoxec]
 63541 | Pan      | Gained mutation: Scrolls take you a little longer to read.
                  | [a cacodemon]
 63545 | Pan      | Gained mutation: Potions are less effective at restoring
                  | your health. [a cacodemon]
 63547 | Pan      | Gained mutation: Potions are poor at restoring your health.
                  | [a cacodemon]
 63570 | Pan      | Gained mutation: Your magical capacity is very low. (-20%
                  | MP) [a neqoxec]
 63581 | Pan      | Gained mutation: Your body often deteriorates upon taking
                  | damage. [a neqoxec]
 63583 | Pan      | Gained mutation: You do not regenerate when monsters are
                  | visible. [a neqoxec]
 63611 | Pan      | Gained mutation: You are very weak. (Str -4) [a neqoxec]
 63701 | Pan      | Noticed Mnoleg
 63705 | Pan      | Paralysed by a floating eye for 3 turns
 63716 | Pan      | Paralysed by a floating eye for 3 turns
 63727 | Pan      | Paralysed by a floating eye for 3 turns
 63734 | Pan      | Paralysed by a floating eye for 2 turns
 63739 | Pan      | Lost mutation: Your mind is acute. (Int +2) [a cacodemon]
 63759 | Pan      | Killed Mnoleg
 63869 | Pan      | Gained mutation: Armour fits poorly on your strangely
                  | shaped body. [a cacodemon]
 63911 | Pan      | Got a glowing rune of Zot
 63958 | Pan      | Gained mutation: You tend to lose your temper in combat. [a
                  | neqoxec]
 64001 | Pan      | Gained mutation: Scrolls take you longer to read. [a
                  | cacodemon]
 64007 | Pan      | Gained mutation: You are frail. (-10% HP) [a cacodemon]
 64256 | Pan      | Entered the realm of Gloorx Vloq.
 64419 | Pan      | Found an exit through the horrors of the Abyss.
 64991 | Pan      | Noticed Gloorx Vloq
 65009 | Pan      | Killed Gloorx Vloq
 65029 | Pan      | Got a dark rune of Zot
 65209 | Pan      | Took an exit into the Abyss.
 65209 | Abyss:1  | Escaped into the Abyss
 65590 | Abyss:1  | Paralysed by accursed screaming for 1 turns
 65701 | Depths:4 | Escaped the Abyss
 66161 | Tar:1    | Entered Level 1 of Tartarus
 67054 | Tar:3    | You fall into a shaft and drop 3 floors!
 67138 | Tar:7    | Entered Level 7 of Tartarus
 67229 | Tar:7    | Reached skill level 5 in Throwing
 67713 | Tar:7    | Noticed an ancient lich
 67728 | Tar:7    | Killed an ancient lich
 67733 | Tar:7    | Got a heavily runed silver ring
 67736 | Tar:7    | Identified the ring "Jateupeo" {rCorr Str+3 SInv} (You
                  | found it on level 7 of Tartarus)
 68014 | Tar:7    | Reached skill level 27 in Fighting
 68144 | Tar:7    | Noticed Ereshkigal
 68788 | Tar:7    | Killed Ereshkigal
 68906 | Tar:7    | Got a bone rune of Zot
 68933 | Tar:7    | Reached skill level 27 in Shields
 69075 | Coc:1    | Entered Level 1 of Cocytus
 69246 | Coc:1    | You are sucked into a shaft and drop 1 floor!
 69285 | Coc:2    | Reached skill level 10 in Throwing
 69879 | Coc:7    | Entered Level 7 of Cocytus
 69983 | Coc:7    | Noticed the Serpent of Hell
 70031 | Coc:7    | Killed the Serpent of Hell
 70544 | Coc:7    | Noticed Antaeus
 70590 | Coc:7    | The Shining One protects you from harm!
 70598 | Coc:7    | HP: 8/185 [Ice Fiend/bolt of cold (7)]
 70603 | Coc:7    | HP: 6/185 [blizzard demon/bolt of lightning (3)]
 70629 | Coc:7    | Killed from afar by a blizzard demon

Levels and vault maps discovered:
D:1:      psy_arrival_spokes, layout_basic
D:2:      layout_basic, lemuel_crystal_altar, chequers_ecumenical_altar_simple,
          uniq_robin
D:3:      layout_rooms, overflow_temple_1_default, first_ration,
          ebering_ghost_sewer_d, nicolae_tso_carved_into_rock
D:4:      layout_cave_pools, minmay_temple_entry_butterflies,
          hangedman_abyss_or_decor_lesser_grid, uniq_natasha
D:5:      cheibrodos_thug_alley, layout_basic, gammafunk_temple_overflow_arena,
          minivault_23
D:6:      layout_cave_pools, kennysheep_slug_shrine
D:7:      layout_rooms, uniq_crazy_yiuf_cottage
D:8:      layout_cave_pools, serial_shops, nicolae_shop_stone
D:9:      layout_long_grid, fedhas_altar_decomposition, lightli_temple_of_fire,
          david_lair_generic, david_orc_4, serial_undead, serial_undead_e,
          serial_undead_f, serial_undead_e, serial_undead_d, grunt_pizzeria,
          grunt_tough_drop
D:10:     layout_stronghold, enter_bailey_3, serial_shops,
          nicolae_shop_waterfront, minmay_another_anthill, uniq_gastronok
D:11:     layout_stronghold, serial_shops, nicolae_shop_trees, shop, shop, shop
D:12:     layout_irregular_city, bh_circular_ruins, uniq_snorg
D:13:     layout_loops_corners, ximxim_vaults_locker_room, serial_shops,
          kennysheep_mini_moat
D:14:     layout_cross, minmay_misc_feat_tiny, minmay_st_funbox
D:15:     grunt_enter_depths_magical_seal, layout_cave_pools,
          minmay_misc_feat_roman
Temple:   eino_temple_scatter_basement
Lair:1:   layout_layer_cave
Lair:2:   layout_regular_city, gauntlet_entry_generic, lemuel_fruit_fields,
          uniq_prince_ribbit2
Lair:3:   layout_loops_ring, nicolae_volcano_entry_hallway,
          eino_small_chamber_without_monster
Lair:4:   layout_gridlike, elwin_shoals_entry_rocks,
          nicolae_spider_entry_non_spiders, gammafunk_lair_bear_cave
Lair:5:   layout_loops_ring, nicolae_slime_entry_slimehenge
Lair:6:   gammafunk_lair_ancient_temple, layout_cave_pods,
          grunt_forest_large_clearings
Shoals:1: layout_shoals
Shoals:2: layout_shoals, st_sunken_temple
Shoals:3: layout_shoals
Shoals:4: shoals_end_grunt_garden, layout_shoals, uniq_polyphemus
Spider:1: layout_spider_delve, hangedman_spider_trapstep
Spider:2: layout_spider_delve, spiders_nest_hornet_nest, uniq_jorgrun
Spider:3: layout_spider_delve, uniq_arachne
Spider:4: grunt_spider_rune_parallel, spiders_nest_the_unseen
Orc:1:    layout_diamond_mine, basic_altar
Orc:2:    st_orc_pillars, layout_diamond_mine, serial_shops,
          nicolae_shop_temple_entry_statues_fountains, shop,
          nicolae_shop_window_shopping, uniq_sonja
Vaults:1: v_alt_pattern_1, hangedman_vaults_corner, vaults_mumra_hexcomb,
          v_misc_13, nicolae_vaults_diagonal_hallway_8,
          nicolae_vaults_little_squares_3, nicolae_vaults_diagonal_hallway_8,
          vaults_dpeg_cross, layout_vaults_omnicross, serial_shops, shop
Vaults:2: vaults_dpeg_ring, nicolae_vaults_triangles, vaults_room_grid,
          minmay_crypt_entry_necro_gods, st_spiral_rooms, hangedman_vaults_maws,
          vaults_room_fours, hangedman_vaults_nails, vaults_room_stairs_pillars,
          ontoclasm_vaults_bender, hangedman_vaults_maws,
          nicolae_vaults_what_the_h, layout_vaults_omnigrid
Vaults:3: v_misc_11, vaults_dpeg_diagonal, v_rooms_3,
          hangedman_vaults_restitches, v_alt_pattern_3, nicolae_vaults_asterisk,
          v_misc_1, serial_ice_h, v_alt_pattern_3, nicolae_vaults_murderbox,
          v_alt_pattern_2, v_misc_27, ontoclasm_vaults_hangar,
          layout_vaults_omnibox
Vaults:4: ontoclasm_vaults_idyll, vaults_dpeg_doors,
          nicolae_vaults_mini_display_case, ontoclasm_vaults_shuriken,
          grunt_vaults_hallway_long, grunt_vaults_swirl, nicolae_vaults_theta,
          nicolae_vaults_network_quinsquares
          [nicolae_vaults_network_quincunx_subvault,
          nicolae_vaults_network_quincunx_subvault,
          nicolae_vaults_network_quincunx_subvault,
          nicolae_vaults_network_quincunx_subvault],
          nicolae_vaults_halls_meeting, v_rooms_6,
          hangedman_vaults_stretched_pinwheel, v_pattern_4,
          grunt_vaults_diagonal, hangedman_vaults_river_flow,
          ontoclasm_vaults_gateway, nicolae_vaults_asterisk,
          nicolae_vaults_little_squares_2, layout_vaults_maze
Vaults:5: uniq_margery
Depths:1: layout_forbidden_donut, serial_shops, shop, serial_sigils,
          serial_sigils_hangedman_snap, serial_sigils_hangedman_carve,
          serial_sigils_hangedman_gnaw, serial_sigils_hangedman_leer,
          serial_sigils_hangedman_confine, serial_sigils_hangedman_gut,
          hell_entry, minivault_11, minmay_shop_enchanted_jewellery
Depths:2: wad_courtyard, layout_basic, enter_ziggurat_e, serial_shops,
          nicolae_shop_stone, hangedman_tar_grid_catacomb, chequers_big_river,
          infiniplex_staircase_pool_lava
Depths:3: minmay_strange_plus, layout_basic, abyss_entry,
          chequers_serial_rivers_marsh, grunt_pan_entry_zigzag, hell_entry,
          minmay_staircase_windowed_small, serial_bayou_shore_a, uniq_saint_roka
Depths:4: minmay_the_grid_square_5x5_4x4_mashed
          [minmay_the_grid_square_5x5_fancy_junction,
          minmay_the_grid_square_5x5_z,
          minmay_the_grid_square_5x5_intrusive_squares,
          minmay_the_grid_square_5x5_one_wall,
          minmay_the_grid_square_5x5_bracketed,
          minmay_the_grid_square_5x5_prize_monsterx,
          minmay_the_grid_square_5x5_prize_gold,
          minmay_the_grid_square_5x5_inner_i,
          minmay_the_grid_square_5x5_shrine1,
          minmay_the_grid_square_5x5_prize_open,
          minmay_the_grid_square_5x5_prize_itemx,
          minmay_the_grid_square_5x5_broken_cross, minmay_the_grid_square_5x5_n,
          minmay_the_grid_square_5x5_six, minmay_the_grid_square_5x5_moneybag,
          minmay_the_grid_square_5x5_spiral_small], layout_basic,
          grunt_decor_cap, hell_entry, grunt_pan_entry_in_and_out, abyss_entry,
          hangedman_abyss_or_decor_clamps
Depths:5: hangedman_slaughterboxes, hell_entry, abyss_entry
Hell
Coc:1:    layout_ice_bergs
Coc:2:    layout_ice_bergs
Coc:3:    layout_ice_bergs
Coc:4:    layout_ice_bergs
Coc:5:    layout_cocytus_water_paths
Coc:6:    layout_cocytus_water_paths
Coc:7:    coc_hangedman
Tar:1:    layout_catacombs
Tar:2:    layout_honeycomb, nicolae_tar_cuneiform_sun, nicolae_tar_cuneiform_oil
Tar:3:    layout_grid_maze
Tar:4:    layout_grid_maze, nicolae_tar_cuneiform_water,
          nicolae_tar_cuneiform_three, nicolae_tar_cuneiform_bird
Tar:6:    layout_honeycomb
Tar:7:    tar_grunt_cathedral
Zot:1:    layout_cathedral_of_symmetry
Zot:2:    layout_cathedral_of_symmetry, st_small_dragon_hoard_1
Zot:3:    hangedman_orp_of_zott, layout_gridlike
Zot:4:    layout_basic, grunt_megastairs_4
Zot:5:    layout_gridlike

Skill      XL: |  1  2  3  4  5  6  7  8  9 10 11 12 13 14 15 16 17 18 19 20 21 22 23 24 25 26 27 |
---------------+----------------------------------------------------------------------------------+-----
Maces & Flails | 4 5 6 7 9 11 13 14 15 16 18 19 20 21 | 21.5
Fighting       | 4 7 9 10 11 12 13 15 16 17 18 19 20 21 27 | 27.0
Shields        | 4 7 12 15 17 19 20 22 23 24 25 26 27 | 27.0
Armour         | 3 6 8 10 12 13 14 16 21 | 21.0
Invocations    | 3 6 8 |  8.4
Dodging        | 5 6 19 | 19.4
Translocations | 2 8 11 16 21 | 21.0
Spellcasting   | 1 5 8 |  8.0
Evocations     | 8 |  8.1
Throwing       | 13 | 13.0

Action                   |  1- 3 |  4- 6 |  7- 9 | 10-12 | 13-15 | 16-18 | 19-21 | 22-24 | 25-27 || total
-------------------------+-------+-------+-------+-------+-------+-------+-------+-------+-------++-------
Melee: Flail             |   103 |   148 |   399 |   843 |    50 |       |       |       |       ||  1543
       Morningstar       |       |       |       |       |   279 |       |       |       |       ||   279
       Demon whip        |       |       |       |       |  1105 |   351 |       |       |       ||  1456
       Eveningstar       |       |       |       |       |       |   607 |  1144 |  1131 |  6680 ||  9562
       Headbutt          |       |       |       |       |       |       |       |       |  1475 ||  1475
Throw: Throwing net      |       |       |     2 |     2 |       |       |       |       |     1 ||     5
       Javelin           |       |       |       |       |     3 |       |       |       |     4 ||     7
 Cast: Lesser Beckoning  |       |       |       |       |       |       |       |       |    10 ||    10
       Blink             |       |       |       |       |       |       |       |       |     4 ||     4
Invok: Heroism           |       |       |       |     1 |       |       |       |       |     2 ||     3
       Finesse           |       |       |       |     1 |       |       |       |       |     2 ||     3
 Abil: Fly               |       |       |       |       |     1 |       |       |     1 |     7 ||     9
       Stop Flying       |       |       |       |       |       |       |       |     2 |     6 ||     8
Evoke: Wand              |       |       |       |    21 |     1 |    18 |       |     2 |     7 ||    49
  Use: Scroll            |       |     5 |       |    19 |    13 |    10 |     8 |     8 |    31 ||    94
       Potion            |       |     4 |     2 |    12 |     1 |     3 |     1 |     2 |    34 ||    59
 Stab: Sleeping          |     1 |       |     1 |       |       |       |       |       |       ||     2
       Held in net/web   |       |       |     1 |     2 |       |       |       |       |       ||     3
       Paralysed         |       |       |       |       |     2 |       |       |       |       ||     2
       Confused          |       |       |       |       |       |     8 |       |       |       ||     8
       Distracted        |       |       |       |       |       |       |       |       |     2 ||     2
  Eat: Chunk             |     1 |     6 |     9 |    18 |    32 |    22 |    20 |    13 |     9 ||   130
       Ration            |       |       |     1 |     2 |       |     1 |     1 |     2 |    25 ||    32
Armor: Leather armour    |    55 |    70 |   219 |    60 |       |       |       |       |       ||   404
       Ring mail         |       |       |       |   178 |       |       |       |       |       ||   178
       Skin              |       |       |       |    16 |       |       |       |       |       ||    16
       Scale mail        |       |       |       |    73 |    74 |       |       |       |       ||   147
       Plate armour      |       |       |       |       |   873 |   682 |   380 |   471 |   356 ||  2762
       Gold dragon scale |       |       |       |       |       |       |       |       |  1985 ||  1985
Dodge: Dodged            |    92 |   144 |   293 |   326 |   504 |   363 |   236 |   295 |  2163 ||  4416
Block: Buckler           |       |       |       |    59 |   307 |       |       |       |       ||   366
       Shield            |       |       |       |       |    24 |   751 |   759 |   705 |       ||  2239
       Large shield      |       |       |       |       |       |       |       |   255 | 10151 || 10406
